 Dungeon Crawl Stone Soup version 0.31-a0-188-g5e087ee2ca (webtiles) character file.

Game seed: 9253641339495605928

88 Gorgondantess the Gusty (level 4, -6/24 HPs)
             Began as a Tengu Air Elementalist on June 24, 2023.
             Mangled by a gnoll
             ... wielding a +0 whip
              (8 damage)
             ... on level 2 of the Dungeon.
             The game lasted 00:03:53 (1565 turns).

Gorgondantess the Gusty (Tengu Air Elementalist)    Turns: 1565, Time: 00:03:54

Health: -6/24      AC:  2    Str:  8    XL:     4   Next: 53%
Magic:  0/9        EV: 12    Int: 17    God:
Gold:   63         SH:  0    Dex: 15    Spells: 5/8 levels left

rFire   + . .        d - +0 dagger (speed)
rCold   + . .        (no shield)
rNeg    . . .        a - +0 robe
rPois   +            (helmet restricted)
rElec   +            (no cloak)
rCorr   +            (no gloves)
SInv    .            (boots unavailable)
Will    .....        (no amulet)
Stlth   ++           (no ring)
HPRegen 0.24/turn    (no ring)
MPRegen 0.11/turn

%: no passive effects
@: brilliant, resistant
A: beak, talons 3
a: no special abilities


You were on level 2 of the Dungeon.
You visited 1 branch of the dungeon, and saw 2 of its levels.

You collected 63 gold pieces.

Inventory:

Hand Weapons
 d - a +0 dagger of speed (weapon)
 m - a +0 rapier
Missiles
 i - 2 throwing nets
Armour
 a - a +0 robe (worn)
 j - a +0 leather armour
Scrolls
 e - 2 scrolls of identify {unknown}
 g - a scroll of immolation {unknown}
 h - a scroll of amnesia {unknown}
 k - a scroll of revelation {unknown}
 l - a scroll of blinking {unknown}
Potions
 b - 2 potions of magic


   Skills:
 - Level 2.1 Dodging
 - Level 2.0 Stealth
 + Level 2.7 Spellcasting
 + Level 2.8 Conjurations
 * Level 5.6 Air Magic


You had 5 spell levels left.
You knew the following spells:

 Your Spells              Type           Power      Damage    Failure   Level
a - Shock                 Conj/Air       100%       1d9       3%          1
b - Static Discharge      Conj/Air       50%        2-5/arc   4%          2

Your spell library contained the following spells:

 Spells                   Type           Power      Damage    Failure   Level
 Swiftness                Air            32%        N/A       5%          3
 Airstrike                Air            16%        2d(3-19)  17%         4


Dungeon Overview and Level Annotations

Branches:
Dungeon (2/15)

Altars:
Makhleb

Annotations:
D:2 Sigmund


Innate Abilities, Weirdness & Mutations

You have a beak for a mouth.
You have claws for feet.


Message History

The gnoll is severely wounded.
Casting: Shock (safe; 3% risk of failure)
Confirm with . or Enter, or press ? or * to list all spells.
Aiming: Shock (safe; 3% risk of failure)
Press: ? - help, Shift-Dir - straight line The zap misses the gnoll.
The gnoll misses you.
Unknown command.
The gnoll attacks as you move away! The gnoll barely misses you.
The gnoll attacks as you move away! The gnoll barely misses you.
Casting: Shock (safe; 3% risk of failure)
Confirm with . or Enter, or press ? or * to list all spells.
Aiming: Shock (safe; 3% risk of failure)
Press: ? - help, Shift-Dir - straight line The zap hits the gnoll.
The gnoll is heavily wounded.
The zap hits the gnoll.
The gnoll is almost dead.
The gnoll hits you but does no damage.
Your magical contamination has completely faded away.
Unknown command.
You hit the gnoll but do no damage. Your kick misses the gnoll.
Your peck misses the gnoll.
The gnoll is heavily wounded.
The gnoll hits you with a +0 flail.
You barely miss the gnoll. Your peck misses the gnoll.
The gnoll is heavily wounded.
The gnoll barely misses you. The gnoll attacks as you move away!
The gnoll hits you with a +0 flail!
You are too injured to fight recklessly!
It was a potion of resistance.
You feel protected. The gnoll closely misses you.
It was a potion of brilliance.
You feel clever all of a sudden. The gnoll hits you with a +0 flail.
* * * LOW HITPOINT WARNING * * *
The gnoll hits you with a +0 whip.
* * * LOW HITPOINT WARNING * * *
The gnoll attacks as you move away! The gnoll hits you with a +0 whip!
You die...

#....###.###### #... ##
##..###........# #...
##..#.)# #........# #...
#......## #........# ####
..###..###........# #...
...####.##.........#####.##
...........................
.........g......<..##......
.........g@..........(....#
.........##.###.........###
#.........#.###.........##
............<............#
#########...#............##
##...##............#
#...##..(...#####...
#....>....#####.....
....#.##..###.....##..


You could see 2 gnolls.

Vanquished Creatures
  An adder (D:2)
  3 gnolls
  2 dart slugs (D:1)
  3 endoplasms (D:1)
  3 giant cockroaches
  3 hobgoblins (D:1)
  4 jackals
  2 quokkas (D:1)
  3 ball pythons (D:1)
  5 bats (D:1)
  3 frilled lizards
  6 goblins
  3 kobolds
  2 rats (D:2)
43 creatures vanquished.

Notes
Turn   | Place    | Note
-------+----------+-------------------------------------------
     0 | D:1      | Gorgondantess the Tengu Air Elementalist began the quest
                  | for the Orb.
     0 | D:1      | Reached XP level 1. HP: 10/10 MP: 4/4
   200 | D:1      | Reached XP level 2. HP: 15/15 MP: 0/6
   203 | D:1      | Learned a level 2 spell: Static Discharge
   606 | D:1      | Reached XP level 3. HP: 19/19 MP: 5/7
   794 | D:1      | Reached skill level 5 in Air Magic
   858 | D:1      | Found a faded altar of an unknown god.
  1151 | D:2      | Reached XP level 4. HP: 9/24 MP: 0/8
  1438 | D:2      | Found a burning altar of Makhleb.
  1505 | D:2      | Noticed Sigmund
  1565 | D:2      | Mangled by a gnoll

Illustrated notes

Levels and vault maps discovered:
D:1:      heliophobic_arrival_ceremonial_halls, layout_rooms,
          basic_ecumenical_altar, minmay_shallow_snake_nest
D:2:      layout_rooms, basic_altar, uniq_sigmund, uniq_crazy_yiuf_cottage

Skill      XL: |  1  2  3 |
---------------+----------+-----
Conjurations   | 2 |  2.8
Air Magic      | 5 |  5.6
Dodging        | |  2.1
Stealth        | |  2.0
Spellcasting   | |  2.7

Action                     |  1- 3 |  4- 6 || total
---------------------------+-------+-------++-------
  Melee: Unarmed           |     5 |       ||     5
         Kick              |     5 |     2 ||     7
         Dagger            |    10 |    13 ||    23
         Peck              |     1 |     1 ||     2
   Cast: Shock             |    58 |    15 ||    73
         Static Discharge  |       |     2 ||     2
    Use: Potion            |       |     2 ||     2
   Stab: Sleeping          |       |     1 ||     1
 Armour: Robe              |     2 |     7 ||     9
  Dodge: Dodged            |     8 |    26 ||    34

Table legend: (Time is in decaauts)
 A = Elapsed time spent in this place.
 B = Non-inter-level travel time spent in this place.
 C = Inter-level travel time spent in this place.
 D = Time resting spent in this place.
 E = Time spent auto-exploring this place.
 F = Levels seen in this place.
 G = Mean time per level.
                   A        B        C        D        E       F      G
               +--------+--------+--------+--------+--------+-----+--------+
         Total |   1558 |   1489 |     69 |    107 |   1127 |   2 |  779.0 |
       Dungeon |   1558 |   1489 |     69 |    107 |   1127 |   2 |  779.0 |
               +--------+--------+--------+--------+--------+-----+--------+

Top non-repeatable levels by time:
     D:1: 1116 daAuts
     D:2: 441 daAuts
